 Dungeon Crawl Stone Soup version 0.30.0-18-gc0e69614cb (webtiles) character file.

Game seed: 5061906511519145970

952 Kamelo the Zephyrmancer (level 8, 0/42 HPs)
             Began as a Tengu Air Elementalist on May 25, 2023.
             Slain by a water moccasin (3 damage)
             ... on level 6 of the Dungeon.
             The game lasted 00:14:04 (5306 turns).

Kamelo the Zephyrmancer (Tengu Air Elementalist)    Turns: 5306, Time: 00:14:04

Health: 0/42       AC:  8    Str:  8    XL:     8   Next: 14%
Magic:  13/16      EV: 14    Int: 19    God:
Gold:   244        SH:  0    Dex: 14    Spells: 10/17 levels left

rFire   . . .        h - +0 dagger (protect)
rCold   . . .        (no shield)
rNeg    . . .        a - +0 robe
rPois   .            (helmet restricted)
rElec   .            (no cloak)
rCorr   .            m - +1 pair of gloves
SInv    .            (boots unavailable)
Will    .....        (no amulet)
Stlth   ++           s - ring of wizardry
HPRegen 0.27/turn    p - +4 ring of protection
MPRegen 0.15/turn

%: wizardry (x1)
@: flying quickly and evasively, quick
A: beak, talons 3, nimble flight
a: no special abilities


You were on level 6 of the Dungeon.
You visited 1 branch of the dungeon, and saw 6 of its levels.

You collected 244 gold pieces.

Inventory:

Hand Weapons
 h - a +0 dagger of protection (weapon)
Missiles
 g - 26 stones
 r - 5 boomerangs
Armour
 a - a +0 robe (worn)
 c - a +0 leather armour
 m - a +1 pair of gloves (worn)
Jewellery
 e - a +6 ring of dexterity
 o - a +6 ring of strength
 p - a +4 ring of protection (right hand)
 s - a ring of wizardry (left hand)
Wands
 l - a wand of roots (5)
Scrolls
 t - a scroll of magic mapping {unknown}
 u - a scroll of silence {unknown}
Potions
 b - a potion of magic
 d - 2 potions of attraction
 f - 2 potions of invisibility
 i - a potion of might {unknown}
 j - 4 potions of heal wounds {unknown}
 k - a potion of cancellation {unknown}
 n - a potion of ambrosia {unknown}
 q - a potion of berserk rage {unknown}


   Skills:
 + Level 0.7 Fighting
 + Level 0.4 Short Blades
 - Level 2.1 Dodging
 - Level 2.0 Stealth
 * Level 5.0 Spellcasting
 + Level 5.1 Conjurations
 + Level 9.2 Air Magic


You had 10 spell levels left.
You knew the following spells:

 Your Spells              Type           Power      Damage    Failure   Level
a - Shock                 Conj/Air       100%       1d9       1%          1
b - Airstrike             Air            19%        2d(3-19)  1%          4
c - Static Discharge      Conj/Air       64%        2-5/arc   1%          2

Your spell library contained the following spells:

 Spells                   Type           Power      Damage    Failure   Level
 Swiftness                Air            39%        N/A       1%          3
 Inner Flame              Hex/Fire       4%         N/A       16%         3
 Flame Wave               Conj/Fire      14%        2d6       17%         4
 Sticky Flame             Conj/Fire      14%        2d4       17%         4


Dungeon Overview and Level Annotations

Branches:
Dungeon (5/15)
 Temple: D:4-7

Altars:
Ashenzari
Nemelex Xobeh
Qazlal
Yredelemnul
The Shining One

Shops:
D:5 (


Innate Abilities, Weirdness & Mutations

You have a beak for a mouth.
You have claws for feet.
Your magical nature lets you fly swiftly and evasively.


Message History

The water moccasin bites you.
The water moccasin attacks as you move away!
The water moccasin closely misses you.
The water moccasin attacks as you move away!
The water moccasin bites you.
The water moccasin closely misses you. x2
The water moccasin attacks as you move away!
The water moccasin bites you.
* * * LOW HITPOINT WARNING * * *
The water moccasin misses you.
The water moccasin attacks as you move away!
The water moccasin barely misses you.
The water moccasin attacks as you move away!
The water moccasin bites you.
* * * LOW HITPOINT WARNING * * *
The water moccasin attacks as you move away!
The water moccasin completely misses you.
The water moccasin bites you.
* * * LOW HITPOINT WARNING * * *
The water moccasin attacks as you move away!
The water moccasin bites you but does no damage.
The water moccasin attacks as you move away!
The water moccasin bites you but does no damage.
The water moccasin bites you.
* * * LOW HITPOINT WARNING * * *
The water moccasin attacks as you move away!
The water moccasin closely misses you.
The water moccasin attacks as you move away!
The water moccasin closely misses you. x2
The water moccasin attacks as you move away!
The water moccasin closely misses you.
The water moccasin attacks as you move away!
The water moccasin closely misses you.
A killer bee comes into view.
The killer bee buzzes angrily.
A killer bee comes into view.
Found 13 gold pieces.
The water moccasin bites you.
* * * LOW HITPOINT WARNING * * *
The water moccasin bites you.
You die...

...................
...8.......8.......
...................
..8.........8.....#.
.................#.#
...8.......8....#.#
..#..#)#..#...#.######.
######...######.#......$
...#..#.#..#...#@##
...............S#S#
.........o..o....#.#
..................#y#
...................#.#
..#.##...##.#.......#.#
.#.#.##.##.#.#.......#yy
.######+######........##.
......... ####....#..


You could see 2 water moccasins, 3 killer bees, an orc priest and an orc wizard.

Vanquished Creatures
  Pikel (D:4)
  Sigmund (D:3)
  2 ogres
  A scorpion zombie (D:3)
  A hound zombie (D:3)
  4 adders
  A white imp (D:4)
  2 worms
  3 dart slugs
  9 orcs
  5 ball pythons
  7 endoplasms
  3 giant cockroaches (D:1)
  7 goblins
  6 hobgoblins
  3 jackals (D:4)
  3 kobolds (D:2)
  2 quokkas (D:1)
  4 bats
  2 frilled lizards (D:1)
  A giant cockroach zombie (D:3)
  4 rats
72 creatures vanquished.

Notes
Turn   | Place    | Note
-------+----------+-------------------------------------------
     0 | D:1      | Kamelo the Tengu Air Elementalist began the quest for the
                  | Orb.
     0 | D:1      | Reached XP level 1. HP: 10/10 MP: 4/4
   311 | D:1      | Reached XP level 2. HP: 15/15 MP: 3/6
   960 | D:1      | Reached skill level 5 in Air Magic
  1098 | D:1      | Reached XP level 3. HP: 19/19 MP: 5/7
  1832 | D:2      | Found a faded altar of an unknown god.
  2533 | D:3      | Reached XP level 4. HP: 16/24 MP: 1/8
  2673 | D:3      | Found a basalt altar of Yredelemnul.
  2859 | D:3      | Noticed Sigmund
  3079 | D:3      | Killed Sigmund
  3080 | D:3      | Reached skill level 6 in Air Magic
  3080 | D:3      | Gained mutation: Your magical nature lets you fly swiftly
                  | and evasively. [Tengu growth]
  3080 | D:3      | Reached XP level 5. HP: 28/28 MP: 7/10
  3080 | D:3      | Reached XP level 6. HP: 33/33 MP: 7/11
  3123 | D:3      | Learned a level 4 spell: Airstrike
  3178 | D:3      | Reached skill level 7 in Air Magic
  3263 | D:3      | Found a glowing golden altar of the Shining One.
  3290 | D:3      | Found a sparkling altar of Nemelex Xobeh.
  4006 | D:4      | Found a broken altar of Ashenzari.
  4519 | D:4      | Noticed Pikel
  4558 | D:4      | Killed Pikel
  4559 | D:4      | Reached skill level 5 in Conjurations
  4559 | D:4      | Reached skill level 9 in Air Magic
  4559 | D:4      | Reached XP level 7. HP: 37/37 MP: 0/14
  4673 | D:4      | Reached XP level 8. HP: 42/42 MP: 12/15
  4685 | D:4      | Learned a level 2 spell: Static Discharge
  4904 | D:4      | Found a stormy altar of Qazlal.
  5151 | D:5      | Entered Level 5 of the Dungeon
  5151 | D:5      | Found Vudigela's Weapon Boutique.
  5196 | D:5      | Reached skill level 5 in Spellcasting
  5237 | D:5      | You are sucked into a shaft and drop 1 floor!
  5306 | D:6      | Slain by a water moccasin

Illustrated notes

Levels and vault maps discovered:
D:1:      amcnicky_arrival_blooded_trapdoor, layout_basic
D:2:      layout_basic, ebering_ecumenical_altar_box, nrook_uturn
D:3:      layout_basic, lemuel_round_altar, mainiacjoe_overflow_six_doors_small,
          nicolae_yredelemnul_corpse_copse, uniq_sigmund
D:4:      layout_cave_pods, cheibrodos_ashenzari_chains,
          nicolae_qazlal_eye_of_the_storm, uniq_pikel
D:5:      layout_rooms, doesnt_xom_only_xom, minmay_temple_entry_poolview,
          corexii_checkpoint_a, nicolae_stop_n_shop_1, uniq_menkaure
D:6:      wad_pebble_path, layout_basic, nicolae_vehumet_altar_sigil,
          minmay_unpleasant_kobolds

Skill      XL: |  1  2  3  4  5  6  7  8 |
---------------+-------------------------+-----
Air Magic      | 5 6 9 |  9.2
Conjurations   | 2 3 5 |  5.1
Spellcasting   | 3 4 5 |  5.0
Fighting       | |  0.7
Short Blades   | |  0.4
Dodging        | |  2.1
Stealth        | |  2.0

Action                     |  1- 3 |  4- 6 |  7- 9 || total
---------------------------+-------+-------+-------++-------
  Melee: Unarmed           |     3 |       |       ||     3
         Kick              |     3 |     3 |       ||     6
         Dagger            |     6 |     4 |       ||    10
         Peck              |       |     1 |       ||     1
   Cast: Shock             |    91 |    74 |    28 ||   193
         Airstrike         |       |     7 |       ||     7
    Use: Scroll            |     6 |     3 |       ||     9
 Armour: Robe              |    10 |     3 |     3 ||    16
  Dodge: Dodged            |    17 |    14 |    12 ||    43
